 Dungeon Crawl Stone Soup version 0.18.1-48-g4cf74bf (webtiles) character file.

1065 Eukament the Spear-Bearer (level 8, -8/46 HPs)
             Began as a Gargoyle Fighter on Aug 8, 2016.
             Mangled by an orc warrior
             ... wielding a +0 glaive
              (15 damage)
             ... on level 5 of the Dungeon.
             The game lasted 00:28:46 (4144 turns).

Eukament the Spear-Bearer (Gargoyle Fighter)        Turns: 4144, Time: 00:28:47

Health: -8/46      AC: 15    Str: 21    XL:     8   Next: 27%
Magic:  17/17      EV:  5    Int: 10    God:
Gold:   135        SH:  9    Dex:  9    Spells: 0 memorised, 7 levels left

rFire  . . .     SeeInvis .     a - +0 trident
rCold  . . .     Gourm    .     w - +0 chain mail
rNeg   + . .     Faith    .     c - +0 shield
rPois  ∞         Spirit   .     s - +0 helmet
rElec  +         Dismiss  .     (no cloak)
rCorr  .         Reflect  .     (no gloves)
SustAt .         Harm     .     (no boots)
MR     .....                    q - amulet of magic regeneration
Stlth  ..........               (no ring)
                                k - ring of magical power

@: not resistant to hostile enchantments, extremely unstealthy
A: negative energy resistance 1, electricity resistance, unbreathing,
petrification resistance, rot immunity, AC +5
a: no special abilities


You were on level 5 of the Dungeon.
You were not hungry.

You visited 1 branch of the dungeon, and saw 5 of its levels.

You collected 135 gold pieces.

Inventory:

Hand Weapons
 a - a +0 trident (weapon)
 g - a +1 mace of draining
 v - a +2 mace of holy wrath
 B - a +2 short sword of speed
Armour
 c - a +0 shield (worn)
 s - a +0 helmet (worn)
 w - a +0 chain mail (worn)
 A - a +0 scale mail of fire resistance
Jewellery
 k - a ring of magical power (left hand)
 p - an uncursed amulet of dismissal
 q - an amulet of magic regeneration (around neck)
Wands
 E - a wand of paralysis (3/24)
Scrolls
 b - a scroll of fear {unknown}
 e - a scroll of amnesia
 f - 3 scrolls of identify
 i - a scroll of magic mapping {unknown}
 l - a scroll of random uselessness {unknown}
 r - 3 scrolls of remove curse
 u - a scroll of enchant armour {unknown}
 x - a scroll of noise {unknown}
 y - a scroll of enchant weapon {unknown}
Potions
 d - 2 potions of might
 j - a potion of cure mutation {unknown}
 m - 2 potions of lignification
 o - a potion of haste
 t - a potion of curing
 D - a potion of flight {unknown}
 F - a potion of resistance {unknown}
Comestibles
 n - 6 bread rations
 z - a royal jelly
 C - a beef jerky


   Skills:
 - Level 3.2 Fighting
 + Level 8.5 Polearms
 - Level 3.2 Armour
 - Level 1.4 Dodging
 + Level 1.3 Stealth
 - Level 3.2 Shields


You had 7 spell levels left.
You didn't know any spells.

Dungeon Overview and Level Annotations

Branches:
Dungeon (5/15)
 Temple: D:4-7

Altars:
Ashenzari
Gozag
Yredelemnul

Shops:
D:4 *


Innate Abilities, Weirdness & Mutations

You are resistant to torment.
Your stone body is resilient (AC +5).
You are immune to poison.
You resist negative energy.
You are resistant to electric shocks.
You can survive without breathing.
You are immune to petrification.
You are immune to rotting.


Message History

The orc warrior is moderately wounded.
The orc warrior hits you with a glaive!
An orc priest comes into view.
Your chain mail prevents you from hitting the orc warrior.
The orc warrior is moderately wounded.
The orc warrior hits you with a glaive.
Your shield and chain mail prevent you from hitting the orc warrior.
The orc warrior is moderately wounded.
The orc priest mumbles some strange prayers to Beogh against you.
Beogh smites you!
* * * LOW HITPOINT WARNING * * *
Drink which item? (? for menu, Esc to quit)
Okay, then.
Zapping:
E - a wand of paralysis (will waste charges)
Press: ? - help, Shift-Dir - straight line, f - orc warrior
Aim: an orc warrior, wielding a glaive and wearing a plate armour (moderately wounded, chance to defeat MR: 46%)
The orc warrior resists with some effort.
Evoking this partially-identified wand wasted a few charges.
The orc warrior hits you with a glaive!
You die...

#.#######
#.ooo@..#
#.o####%##
# #...<.#
#.###.# #
.# .# .#
##


You could see an orc warrior, 2 orc priests and an orc.

Vanquished Creatures
  Edmund (D:4)
  A phantom (D:4)
  An ice beast (D:3)
  An ogre (D:4)
  A scorpion (D:4)
  A jelly (D:4)
  3 orc wizards (D:4)
  3 orc priests
  2 giant frog skeletons (D:4)
  Terence (D:3)
  3 worker ants (D:4)
  A hound skeleton (D:4)
  A worker ant zombie (D:4)
  2 gnolls (D:4)
  4 adders
  2 oozes (D:1)
  5 worms
  5 dart slugs
  A giant gecko (D:4)
  28 orcs
  A ball python (D:1)
  8 bats
  4 giant cockroaches
  16 goblins
  24 hobgoblins
  7 jackals
  11 kobolds
  4 quokkas (D:2)
  5 giant newts
  5 rats
152 creatures vanquished.

Notes
Turn   | Place    | Note
--------------------------------------------------------------
     0 | D:1      | Eukament the Gargoyle Fighter began the quest for the Orb.
     0 | D:1      | Reached XP level 1. HP: 14/14 MP: 1/1
    29 | D:1      | Reached skill level 2 in Polearms
   143 | D:1      | Reached XP level 2. HP: 19/19 MP: 2/2
   224 | D:1      | Reached skill level 1 in Dodging
   327 | D:1      | Reached XP level 3. HP: 23/23 MP: 3/3
   660 | D:1      | Reached skill level 3 in Polearms
  1017 | D:2      | Reached XP level 4. HP: 24/28 MP: 4/4
  1137 | D:2      | Found an opulent altar of Gozag.
  1189 | D:2      | Found a basalt altar of Yredelemnul.
  1662 | D:3      | Noticed an ice beast
  1672 | D:3      | Killed an ice beast
  1672 | D:3      | Reached skill level 4 in Polearms
  1672 | D:3      | Reached XP level 5. HP: 19/32 MP: 5/5
  1802 | D:3      | Found a shattered altar of Ashenzari.
  1885 | D:3      | Reached skill level 5 in Polearms
  1934 | D:3      | Reached XP level 6. HP: 37/37 MP: 6/6
  2138 | D:3      | Noticed Terence
  2151 | D:3      | Killed Terence
  2722 | D:4      | Noticed Edmund
  2741 | D:4      | Killed Edmund
  2741 | D:4      | Reached skill level 6 in Polearms
  2741 | D:4      | Reached skill level 1 in Stealth
  2741 | D:4      | Reached XP level 7. HP: 18/41 MP: 7/7
  2994 | D:4      | Reached skill level 7 in Polearms
  3140 | D:4      | Found Kumuysch's General Store.
  3294 | D:4      | Reached XP level 8. HP: 20/46 MP: 8/8
  3685 | D:4      | Reached skill level 8 in Polearms
  4134 | D:5      | Entered Level 5 of the Dungeon
  4144 | D:5      | Mangled by an orc warrior

Skill      XL: |  1  2  3  4  5  6  7  8 |
---------------+-------------------------+-----
Polearms       | 2 3 4 5 6 7 8 |  8.5
Dodging        | 1 |  1.4
Stealth        | 1 |  1.3
Fighting       | |  3.2
Armour         | |  3.2
Shields        | |  3.2

Action                   |  1- 3 |  4- 6 |  7- 9 || total
-------------------------+-------+-------+-------++-------
Melee: Trident           |   123 |   261 |   316 ||   700
Evoke: Wand              |       |       |     1 ||     1
  Use: Potion            |       |     3 |     4 ||     7
       Scroll            |       |     4 |     2 ||     6
  Eat: Fruit             |       |     2 |     5 ||     7
       Bread ration      |       |     1 |       ||     1
       Beef jerky        |       |       |     1 ||     1
Armor: Scale mail        |    64 |    88 |       ||   152
       Chain mail        |       |    36 |   147 ||   183
Dodge: Dodged            |    32 |    64 |    42 ||   138
Block: Shield            |    49 |   127 |   110 ||   286
